 Dungeon Crawl Stone Soup version 0.29.1-15-g9cfb28693d (webtiles) character file.

Game seed: 4592041047691542138

221 Hugehornet the Slasher (level 5, -2/42 HPs)
             Began as a Demigod Fighter on Apr 1, 2023.
             Slain by Grinder (6 damage)
             ... on level 3 of the Dungeon.
             The game lasted 00:02:05 (1927 turns).

Hugehornet the Slasher (Demigod Fighter)            Turns: 1927, Time: 00:02:06

Health: -2/42      AC:  9    Str: 21    XL:     5   Next: 38%
Magic:  7/7        EV:  9    Int: 10    God:
Gold:   109        SH:  4    Dex: 13    Spells: 4/4 levels left

rFire   . . .      SeeInvis .   m - +2 short sword (drain)
rCold   . . .      Faith    .   c - +0 buckler
rNeg    . . .      Spirit   .   b - +0 scale mail
rPois   .          Reflect  .   i - +1 helmet
rElec   .          Harm     .   u - +0 cloak {rCorr}
rCorr   +          Rampage  .   (no gloves)
Will    .....                   (no boots)
Stlth   ..........              (no amulet)
HPRegen 0.14/turn               (no ring)
MPRegen 0.10/turn               (no ring)

@: no status effects
A: high MP 1, forlorn, divine attributes
a: no special abilities


You were on level 3 of the Dungeon.
You visited 1 branch of the dungeon, and saw 3 of its levels.

You collected 109 gold pieces.

Inventory:

Hand Weapons
 a - a +0 long sword
 m - a +2 short sword of draining (weapon)
Armour
 b - a +0 scale mail (worn)
 c - a +0 buckler (worn)
 i - a +1 helmet (worn)
 u - a +0 cloak of preservation (worn)
Wands
 t - a wand of flame (4)
Scrolls
 f - a scroll of poison {unknown}
 g - 3 scrolls of noise {unknown}
 h - a scroll of vulnerability {unknown}
 k - a scroll of enchant armour {unknown}
 l - a scroll of teleportation {unknown}
 s - a scroll of silence {unknown}
Potions
 d - a potion of might
 e - 2 potions of magic {unknown}
 j - 2 potions of curing {unknown}
 n - a potion of resistance {unknown}
 o - a potion of flight {unknown}
 p - 2 potions of degeneration {unknown}
 q - a potion of heal wounds {unknown}
 r - a potion of ambrosia {unknown}


   Skills:
 - Level 2.6 Fighting
 + Level 5.5 Long Blades
 - Level 2.6 Armour
 - Level 2.6 Shields


You had 4 spell levels left.
You didn't know any spells.
Your spell library was empty.

Dungeon Overview and Level Annotations

Branches:
Dungeon (3/15)

Annotations:
D:3 Grinder


Innate Abilities, Weirdness & Mutations

You have an increased reservoir of magic. (+10% MP)
You shall have no god before yourself.
Your divine heritage dramatically boosts your attributes as you level up.


Message History

Grinder moves out of view.
The adder bites you.
You are poisoned.
The adder poisons you!
You closely miss the adder.
You feel sick. The adder bites you.
You are more poisoned.
The adder poisons you! You block the adder's attack.
Grinder blinks!
You hit the adder but do no damage. You drain the adder.
The adder is moderately wounded.
You feel very sick. The adder closely misses you.
The worm bites you but does no damage.
You hit the adder.
The adder is heavily wounded.
You feel sick. The adder bites you. You block the adder's attack.
You closely miss the adder.
The adder is heavily wounded.
You feel sick. You block the adder's attack. Grinder barely misses you.
The worm closely misses you.
You hit the adder.
The adder is almost dead.
You feel sick. The adder barely misses you. Grinder completely misses you.
You barely miss the adder.
The adder is almost dead.
You feel sick. You block the adder's attack. The worm bites you.
Grinder misses you. The adder bites you but does no damage.
You are too injured to fight recklessly!
You are too injured to fight recklessly!
The adder attacks as you move away! The adder bites you but does no damage.
You feel sick. Grinder hits you.
You writhe in agony.
* * * LOW HITPOINT WARNING * * *
You feel sick. The adder attacks as you move away!
The adder bites you but does no damage.
You feel sick. The adder bites you but does no damage.
There is a stone staircase leading up here.
You feel sick.
You are no longer poisoned.
The adder bites you but does no damage. Grinder hits you.
* * * LOW HITPOINT WARNING * * *
You writhe in agony.
You die...

## ... ###
....###@###
......5S..#
.......w..#
#.........#
#####.....#
#........
#.....###..
#.....#
#.....#


You could see Grinder, a worm and an adder (very drained).

Vanquished Creatures
  Sigmund (D:2)
  Crazy Yiuf (D:2)
  2 worms (D:2)
  2 endoplasms
  A giant cockroach (D:2)
  A goblin (D:2)
  2 hobgoblins
  3 kobolds
  A quokka (D:2)
  A ball python (D:1)
  4 bats (D:1)
  A frilled lizard (D:2)
  2 rats
22 creatures vanquished.

Notes
Turn   | Place    | Note
-------+----------+-------------------------------------------
     0 | D:1      | Hugehornet the Demigod Fighter began the quest for the Orb.
     0 | D:1      | Reached XP level 1. HP: 18/18 MP: 3/3
    68 | D:1      | Reached skill level 2 in Long Blades
   656 | D:2      | Reached XP level 2. HP: 11/21 MP: 4/4
   836 | D:2      | Noticed Sigmund
   850 | D:2      | Killed Sigmund
   851 | D:2      | Reached skill level 5 in Long Blades
   851 | D:2      | Reached XP level 3. HP: 7/30 MP: 5/5
   851 | D:2      | Reached XP level 4. HP: 9/37 MP: 6/6
   851 | D:2      | Reached XP level 5. HP: 11/42 MP: 7/7
  1320 | D:2      | Found a runed translucent door.
  1321 | D:2      | Noticed Crazy Yiuf
  1653 | D:2      | Killed Crazy Yiuf
  1915 | D:3      | Noticed Grinder
  1927 | D:3      | Slain by Grinder

Illustrated notes

Levels and vault maps discovered:
D:1:      giann_horns, layout_rooms,
          dreamdust_ecumenical_altar_hidden_monk_grotto
D:2:      layout_basic, basic_altar, nicolae_wormholes, uniq_crazy_yiuf_cottage,
          uniq_sigmund
D:3:      layout_basic, mainiacjoe_overflow_24_doors,
          nicolae_overflow_crystal_walls, serial_shops,
          nicolae_shop_behind_doors, uniq_grinder

Skill      XL: |  1  2 |
---------------+-------+-----
Long Blades    | 2 5 |  5.5
Fighting       | |  2.6
Armour         | |  2.6
Shields        | |  2.6

Action                   |  1- 3 |  4- 6 || total
-------------------------+-------+-------++-------
Melee: Long sword        |    38 |       ||    38
       Short sword       |    23 |    35 ||    58
Armor: Scale mail        |    22 |    13 ||    35
Dodge: Dodged            |    30 |    11 ||    41
Block: Buckler           |    17 |     6 ||    23
